Map: [ESL] Cosmic Sapphire

Players

TeebuL - Winner!

  • Race: Protoss Protoss
  • Spawn Location: 11:00

MeomaikA

  • Race: Zerg Zerg
  • Spawn Location: 5:00

Event: DreamHack SC2 Masters 2022 Atlanta (Online)

VOD

Have the link to the VOD?

Description

Time

  • Played on: Sept. 30, 2022, 4:49 a.m.
  • Length: 20:03

All games in this series

Show
View Real Time Build Order
Export as new Build Order

TeebuL Protoss - Winner!

Build Orders: Oracle Opening, Phoenix Opening, Zealot Archon 

Get SALT Encoding   

  12  0:00  Probe  
  13  0:14  Pylon  
  13  0:18  Probe  
  14  0:33  Gateway  
  14  0:35  Probe (Chrono Boost)  
  15  0:44  Probe (Chrono Boost)  
  15  0:45  Assimilator  
  15  0:49  Probe  
  16  0:53  Assimilator  
  17  1:01  Probe  
  18  1:13  Probe  
  19  1:20  Cybernetics Core  
  19  1:23  Zealot  
  21  1:25  Probe  
  21  1:30  Pylon  
  22  1:38  Probe  
  23  1:50  Probe  
  24  1:55  Adept (Chrono Boost)  
  24  1:57  Stargate  
  26  2:02  Probe  
  27  2:08  Warp Gate  
  27  2:14  Probe  
  28  2:36  Nexus  
  28  2:38  Oracle (Chrono Boost)  
  31  2:48  Pylon  
  31  2:51  Probe  
  30  3:05  Oracle (Chrono Boost)  
  30  3:06  Adept  
  35  3:13  Shield Battery  
  35  3:15  Probe  
  36  3:27  Probe  
  37  3:35  Phoenix  
  39  3:48  Probe x2  
  40  3:50  Gateway  
  41  3:59  Adept  
  41  4:00  Probe  
  41  4:01  Probe  
  45  4:12  Probe (Chrono Boost)  
  45  4:14  Probe (Chrono Boost)  
  45  4:17  Twilight Council  
  47  4:23  Probe (Chrono Boost)  
  49  4:24  Probe (Chrono Boost)  
  49  4:28  Probe (Chrono Boost)  
  49  4:29  Probe (Chrono Boost)  
  51  4:34  Gateway  
  51  4:38  Probe  
  51  4:39  Probe, Pylon  
  53  4:50  Probe  
  54  4:57  Probe  
  51  5:03  Probe  
  52  5:09  Probe  
  53  5:15  Probe  
  53  5:19  Nexus  
  53  5:21  Probe, Pylon  
  52  5:24  Assimilator  
  52  5:27  Probe  
  53  5:29  Stalker x2  
  53  5:32  Gateway  
  53  5:34  Probe, Stalker  
  60  5:40  Probe  
  61  5:43  Assimilator  
  61  5:46  Probe  
  62  5:50  Charge  
  62  5:52  Probe  
  62  5:53  Templar Archives  
  63  5:58  Probe  
  64  6:05  Probe, Stalker  
  64  6:06  Stalker  
  69  6:12  Forge  
  69  6:18  Probe  
  70  6:19  Shield Battery  
  70  6:26  Gateway x2  
  70  6:30  Probe x2  
  70  6:31  Robotics Facility, Pylon  
  73  6:32  Probe  
  73  6:38  Protoss Ground Weapons Level 1 (Chrono Boost)  
  73  6:43  Probe x2  
  73  6:44  Probe  
  76  6:49  Zealot x2, High Templar x2  
  84  6:55  Probe x2  
  84  6:57  Archon  
  84  7:00  Photon Cannon  
  86  7:01  Photon Cannon  
  86  7:02  Shield Battery  
  86  7:04  Shield Battery  
  86  7:07  Probe  
  86  7:08  Probe x2  
  89  7:10  Assimilator x2  
  89  7:12  High Templar x2  
  93  7:18  Warp Prism (Chrono Boost)  
  93  7:23  Archon  
  93  7:30  Pylon  
  93  7:37  Pylon  
  93  7:38  Pylon  
  93  7:39  Pylon  
  93  7:40  Psionic Storm  
  93  7:43  Pylon  
  93  7:47  Gateway  
  93  7:49  Observer (Chrono Boost)  
  94  7:54  High Templar x3  
  94  7:55  High Templar  
  100  8:01  Pylon  
  100  8:03  Pylon  
  100  8:11  Nexus, Zealot x2, Gateway  
  100  8:12  Gateway  
  104  8:14  Gateway  
  104  8:21  Protoss Ground Weapons Level 2 (Chrono Boost)  
  104  8:25  Pylon  
  104  8:26  Pylon  
  102  8:32  Zealot x6  
  114  8:35  Probe x3  
  114  8:39  Photon Cannon, Pylon  
  115  8:47  Probe, Photon Cannon  
  115  8:48  Shield Battery  
  114  8:52  Zealot x3  
  120  9:00  High Templar  
  120  9:01  High Templar x3  
  126  9:05  Archon x2  
  126  9:09  Zealot x3  
  130  9:19  Nexus  
  130  9:20  Pylon  
  130  9:22  Pylon  
  120  9:39  Photon Cannon  
  120  9:40  High Templar x4  
  120  9:41  Photon Cannon  
  120  9:43  Photon Cannon  
  120  9:44  Photon Cannon  
  120  9:45  Archon x2, Photon Cannon  
  128  9:48  Shield Battery  
  128  9:49  Shield Battery  
  128  9:52  Probe x2  
  130  9:53  Shield Battery  
  130  9:55  High Templar  
  130  9:56  High Templar  
  130  9:59  Probe  
  135  10:06  Shield Battery  
  135  10:18  Zealot x8  
  149  10:22  Probe  
  138  10:33  Probe  
  121  10:39  Immortal (Chrono Boost)  
  121  10:41  High Templar x4  
  131  10:45  Archon x2  
  131  10:49  Zealot x6  
  135  11:12  Zealot x3  
  135  11:13  Zealot x3  
  135  11:15  Archon, Protoss Ground Weapons Level 3 (Chrono Boost)  
  135  11:16  Immortal  
  147  11:20  Assimilator  
  147  11:21  Assimilator  
  147  11:26  High Templar  
  147  11:30  Pylon  
  145  11:32  Zealot x3  
  145  11:33  Zealot x6  
  145  11:38  Archon  
  141  11:45  Immortal  
  126  11:56  Photon Cannon, High Templar x3  
  126  11:57  Zealot x6, Photon Cannon  
  148  12:07  Archon  
  142  12:10  Zealot  
  134  12:19  Archon  
  134  12:22  Zealot x6  
  127  12:28  Immortal (Chrono Boost)  
  109  12:32  Zealot x4  
  104  12:44  High Templar x3  
  104  12:45  High Templar x3  
  116  12:53  Zealot x4  
  116  12:57  Shield Battery, Photon Cannon  
  116  12:58  Photon Cannon  
  123  13:00  Photon Cannon  
  123  13:01  Photon Cannon  
  123  13:03  Shield Battery  
  123  13:06  Photon Cannon  
  123  13:07  Observer (Chrono Boost)  
  123  13:11  Pylon  
  124  13:16  Zealot x2, Pylon  
  124  13:17  Zealot x3  
  134  13:22  High Templar x5  
  134  13:26  Archon x2  
  144  13:30  Robotics Bay  
  144  13:43  Dark Shrine  
  144  13:45  Immortal (Chrono Boost)  
  144  13:48  Blink (Chrono Boost)  
  142  13:50  Stalker x5  
  148  14:01  Protoss Shields Level 1 (Chrono Boost)  
  140  14:08  Stalker x5  
  150  14:11  Pylon  
  150  14:21  Observer (Chrono Boost)  
  149  14:31  Stalker x4  
  157  14:34  Disruptor (Chrono Boost)  
  154  14:45  Stalker x5  
  160  14:52  High Templar  
  160  14:57  Archon  
  160  15:01  Dark Templar  
  160  15:02  Dark Templar x2  
  166  15:18  Nexus  
  166  15:19  Dark Templar x3  
  172  15:24  Pylon  
  158  15:44  Stalker x6  
  170  15:51  Disruptor (Chrono Boost)  
  170  15:56  Observer  
  166  16:05  Stalker x4  
  172  16:15  Zealot x6  
  182  16:36  Stalker x6  
  182  16:39  High Templar x2  
  198  16:50  Dark Templar x2  
  185  17:07  Pylon x2  
  183  17:10  Immortal, Photon Cannon x2  
  183  17:14  Zealot x5  
  197  17:28  Zealot  
  192  17:38  Probe x3  
  180  17:46  Zealot x7  
  180  17:47  Zealot x2  
  184  17:53  Pylon  
  180  18:12  Zealot x9  
  180  18:18  Photon Cannon  
  180  18:25  High Templar  
  182  18:27  Immortal (Chrono Boost)  
  182  18:33  High Templar x6  
  198  18:37  Archon x3  
  198  18:38  High Templar x2  
  198  18:39  High Templar  
  180  19:01  Disruptor  
  161  19:12  Dark Templar x2  
  156  19:32  Nexus  
Show
View Real Time Build Order
Export as new Build Order

MeomaikA Zerg 

Build Orders: Hatch First 

Get SALT Encoding   

  12  0:00  Drone  
  13  0:12  Overlord  
  13  0:16  Drone  
  14  0:30  Drone x2  
  14  0:34  Drone  
  17  0:50  Hatchery  
  17  0:55  Drone  
  17  1:00  Drone  
  18  1:10  Spawning Pool  
  17  1:14  Drone, Extractor  
  17  1:17  Drone  
  18  1:29  Drone  
  19  1:40  Overlord  
  19  1:50  Drone  
  20  1:57  Queen  
  20  2:00  Drone  
  23  2:03  Drone  
  23  2:04  Queen  
  26  2:11  Drone  
  26  2:13  Drone  
  28  2:21  Zergling x2, Spine Crawler  
  28  2:22  Metabolic Boost  
  28  2:24  Zergling x2  
  29  2:35  Zergling x4  
  31  2:41  Queen  
  33  2:47  Drone  
  33  2:48  Drone  
  35  2:54  Drone  
  35  2:56  Drone  
  36  3:01  Spore Crawler  
  36  3:03  Spore Crawler  
  36  3:05  Drone  
  35  3:08  Drone  
  35  3:10  Overlord  
  36  3:28  Drone x6  
  36  3:29  Drone  
  43  3:35  Drone  
  44  3:49  Overlord  
  44  3:51  Hatchery  
  44  3:53  Drone  
  44  3:54  Overlord  
  44  3:57  Overlord  
  44  4:08  Lair, Drone x2  
  44  4:09  Drone x2  
  48  4:11  Extractor  
  48  4:12  Drone  
  48  4:16  Queen  
  48  4:19  Drone  
  48  4:20  Drone  
  48  4:22  Drone  
  48  4:24  Drone  
  54  4:28  Drone x3  
  57  4:32  Overlord  
  57  4:36  Overlord  
  57  4:42  Drone, Overlord  
  58  4:48  Zergling x2  
  59  4:56  Drone x3  
  59  4:57  Drone x3  
  63  5:01  Zergling x2  
  63  5:03  Zergling x2  
  65  5:07  Hydralisk Den, Drone, Extractor  
  59  5:23  Drone x5  
  59  5:25  Drone  
  65  5:30  Overlord  
  65  5:31  Drone x3  
  67  5:37  Hydralisk  
  67  5:38  Muscular Augments, Hydralisk  
  67  5:41  Hydralisk  
  73  5:43  Evolution Chamber x2  
  73  5:45  Spore Crawler  
  73  5:46  Drone  
  73  5:49  Hydralisk  
  71  5:54  Overlord  
  71  5:55  Drone x3  
  76  5:58  Drone x3  
  76  6:01  Hydralisk  
  81  6:05  Extractor  
  81  6:06  Drone x3  
  81  6:07  Drone  
  81  6:10  Hydralisk  
  81  6:11  Zergling x2  
  87  6:14  Zergling x2  
  87  6:15  Zergling x2  
  87  6:17  Zerg Melee Weapons Level 1  
  87  6:18  Zerg Missile Weapons Level 1  
  88  6:19  Zergling x2  
  88  6:22  Zergling x2  
  88  6:24  Zergling x6  
  93  6:28  Zergling x6  
  93  6:29  Zergling x2  
  93  6:30  Zergling x2  
  98  6:38  Zergling x2  
  97  6:40  Hatchery  
  97  6:41  Zergling x4  
  97  6:45  Zergling x4, Hydralisk  
  97  6:46  Hydralisk  
  104  6:49  Grooved Spines, Overlord  
  104  6:52  Zergling x2  
  104  6:53  Overlord  
  105  7:03  Overlord  
  105  7:09  Baneling Nest, Drone x9  
  105  7:12  Drone  
  105  7:14  Drone  
  115  7:15  Hydralisk  
  115  7:20  Hydralisk  
  115  7:21  Hydralisk x2  
  123  7:23  Queen  
  123  7:26  Hydralisk x2  
  123  7:28  Overlord  
  129  7:33  Overlord  
  129  7:34  Overlord  
  129  7:50  Hydralisk x5  
  139  7:51  Overlord  
  139  7:52  Centrifugal Hooks, Overlord  
  139  7:53  Hydralisk  
  139  7:54  Zergling x2  
  139  7:57  Spore Crawler  
  141  7:59  Spine Crawler  
  141  8:00  Drone x2  
  141  8:01  Drone  
  141  8:02  Drone  
  141  8:04  Hydralisk  
  146  8:08  Hydralisk x2  
  146  8:10  Hydralisk  
  152  8:13  Hydralisk x2  
  156  8:20  Drone x3  
  156  8:22  Roach Warren, Extractor  
  156  8:25  Drone  
  156  8:26  Drone x2  
  160  8:28  Hydralisk x2  
  164  8:34  Zerg Melee Weapons Level 2  
  164  8:38  Zerg Missile Weapons Level 2  
  164  8:41  Extractor  
  163  8:50  Overlord x2  
  163  8:53  Overlord  
  159  9:09  Glial Reconstitution  
  161  9:10  Roach, Hatchery  
  161  9:11  Roach x11  
  180  9:17  Spine Crawler  
  180  9:20  Spine Crawler  
  176  9:26  Spore Crawler  
  176  9:27  Spine Crawler  
  176  9:28  Roach x3, Spine Crawler x2  
  176  9:30  Roach  
  180  9:32  Roach  
  180  9:33  Roach  
  180  9:35  Roach  
  180  9:36  Drone  
  187  9:39  Drone x2  
  187  9:40  Drone  
  187  9:42  Drone x2  
  187  9:44  Roach x3  
  196  9:50  Infestation Pit  
  195  9:53  Baneling x12  
  195  9:59  Overseer x2  
  195  10:02  Zergling x8  
  195  10:04  Pneumatized Carapace  
  185  10:31  Roach x9  
  197  10:38  Roach  
  198  10:49  Hive  
  198  10:54  Zerg Ground Armor Level 1  
  197  10:57  Roach x2  
  193  11:05  Roach  
  193  11:09  Roach  
  193  11:10  Roach x7  
  199  11:13  Roach  
  199  11:14  Roach  
  199  11:16  Roach  
  200  11:30  Roach  
  200  11:31  Roach  
  200  11:32  Roach x3  
  194  11:34  Roach  
  194  11:35  Roach x2  
  194  11:36  Roach x3  
  194  11:37  Roach x7  
  194  11:39  Roach  
  188  11:40  Roach  
  188  11:41  Roach x2  
  188  11:42  Roach  
  188  11:43  Roach  
  188  11:46  Roach  
  180  11:48  Roach x2  
  180  11:49  Roach x2  
  180  11:52  Zergling x2  
  180  11:53  Roach x2  
  189  11:58  Roach x2  
  189  11:59  Queen  
  195  12:03  Zergling x2  
  195  12:04  Zergling x4  
  198  12:12  Roach  
  198  12:13  Zergling x6  
  198  12:14  Zergling x6  
  198  12:15  Zergling x4  
  187  12:17  Zergling x4  
  187  12:18  Roach  
  167  12:24  Zergling x2  
  167  12:25  Zergling x4  
  167  12:26  Zergling x4, Roach  
  167  12:27  Roach  
  152  12:31  Roach  
  135  12:37  Roach x3  
  135  12:38  Roach x3  
  135  12:39  Roach  
  135  12:40  Zerg Missile Weapons Level 3  
  135  12:41  Roach  
  147  12:45  Roach x3  
  147  12:47  Roach  
  147  12:49  Roach  
  157  12:52  Drone x2  
  157  12:55  Viper x2  
  157  12:58  Roach  
  167  12:59  Roach  
  167  13:03  Roach x2  
  167  13:05  Roach  
  175  13:09  Drone x2  
  175  13:10  Drone x2  
  181  13:12  Roach  
  181  13:14  Roach  
  181  13:16  Roach  
  181  13:17  Roach  
  181  13:19  Roach  
  188  13:28  Overlord  
  188  13:29  Zerg Ground Armor Level 2  
  174  14:15  Drone x3  
  174  14:16  Spore Crawler, Spine Crawler  
  175  14:22  Hatchery  
  174  14:36  Zergling x2  
  174  14:37  Zergling x8  
  174  14:38  Zergling x2  
  163  15:00  Ultralisk Cavern  
  162  15:10  Hatchery  
  160  15:20  Overseer  
  152  15:36  Roach x26  
  152  15:37  Roach  
  152  15:39  Roach  
  152  15:41  Roach x2  
  197  15:43  Roach x2  
  197  15:49  Chitinous Plating  
  199  15:50  Zerg Melee Weapons Level 3  
  199  15:51  Zerg Ground Armor Level 3  
  199  15:52  Overlord x4  
  194  15:59  Ultralisk  
  194  16:00  Zergling x8  
  189  16:26  Ultralisk  
  189  16:29  Zergling x10  
  200  16:37  Zergling x2  
  200  16:38  Zergling x10  
  194  16:48  Zergling x18  
  194  16:50  Zergling x12  
  194  16:51  Zergling x2  
  200  17:00  Ultralisk  
  200  17:01  Ultralisk  
  193  17:02  Zergling x2  
  193  17:03  Zergling x4  
  193  17:04  Zergling x6  
  193  17:05  Zergling x2  
  193  17:08  Anabolic Synthesis  
  200  17:10  Zergling x2  
  200  17:11  Zergling x8  
  200  17:13  Zergling x2  
  200  17:23  Overseer x4  
  198  17:35  Spine Crawler  
  198  17:36  Spore Crawler  
  189  17:38  Hatchery  
  189  17:41  Zergling x2  
  189  17:42  Zergling x22  
  167  17:45  Drone x9  
  157  17:51  Ultralisk  
  157  17:53  Ultralisk  
  157  17:56  Ultralisk x3  
  186  18:01  Zergling x2  
  186  18:03  Spine Crawler  
  186  18:04  Zergling x2, Spine Crawler  
  184  18:07  Zergling x2  
  184  18:08  Zergling x4  
  184  18:12  Zergling x6  
  181  18:13  Zergling x2  
  181  18:16  Spine Crawler  
  181  18:19  Zergling x4  
  183  18:23  Viper  
  183  18:24  Viper  
  188  18:44  Zergling x24  
  196  18:57  Zergling x4  
  196  18:58  Zergling x2  
  196  18:59  Zergling x2  
  196  19:00  Zergling x2  
  196  19:01  Zergling x2  
  199  19:03  Zergling x2  
  199  19:08  Zergling x2  
  200  19:10  Zergling x4  
  200  19:15  Zergling x2  
  200  19:16  Zergling x10  
  199  19:21  Zergling x2  
  162  19:34  Zergling x20  
  162  19:37  Zergling x4  
  115  19:40  Zergling x2  
  115  19:41  Zergling x2  
  115  19:43  Zergling x2  
  115  19:45  Zergling x2  
Tags
 
Add a new tag
Caveats
  • Supply blocks, unpowered buildings, or Contaminate may cause inaccurate times.
  • Supply counts are checked every 10 seconds.